 Dungeon Crawl Stone Soup version 0.30-a0-857-gcaf70739d4 (webtiles) character file.

Game seed: 8612668703643982770

3282 Pimp the Protected (level 9, -5/75 HPs)
             Began as an Armataur Fighter on Mar 5, 2023.
             Was a Believer of Okawaru.
             Slain by a yak (10 damage)
             ... on level 9 of the Dungeon.
             The game lasted 00:11:31 (9345 turns).

Pimp the Protected (Armataur Fighter)               Turns: 9345, Time: 00:11:32

Health: -5/75      AC: 14    Str: 28    XL:     9   Next: 69%
Magic:  9/9        EV:  5    Int:  9    God:    Okawaru [**....]
Gold:   318        SH:  5    Dex: 10    Spells: 8/8 levels left

rFire   + . .      SeeInvis .    q - +2 hand axe (venom)
rCold   . . .      Faith    .    c - +0 buckler
rNeg    + . .      Spirit   .    E - +0 plate armour
rPois   .          Reflect  .    (helmet restricted)
rElec   .          Roll     +    (no cloak)
rCorr   .                        u - +1 pair of gloves {Str+3}
Will    .....                    (no barding) Stlth
                                 l - amulet of the acrobat
HPRegen 0.32/turn                B - ring of positive energy
MPRegen 0.11/turn                (no ring)

@: no status effects
A: large, rugged brown scales 3, deformed body, armoured tail, roll, long
tongue, awkward tongue, antennae 1, fire resistance 1, frail 1
a: Renounce Religion, Heroism


You were on level 9 of the Dungeon.
You worshipped Okawaru.
Okawaru was pleased with you.
You visited 2 branches of the dungeon, and saw 10 of its levels.

You collected 519 gold pieces.
You spent 201 gold pieces at shops.

Inventory:

Hand Weapons
 a - a +0 war axe
 q - a +2 hand axe of venom (weapon)
 r - a +0 hand axe of electrocution
Armour
 c - a +0 buckler (worn)
 u - a +1 pair of gloves of strength (worn)
 E - a +0 plate armour (worn)
Jewellery
 i - a ring of magical power
 l - an amulet of the acrobat (around neck)
 B - a ring of positive energy (left hand)
Wands
 k - a wand of flame (34)
 m - a wand of mindburst (13)
 t - a wand of acid (22)
 C - a wand of iceblast (15)
Scrolls
 h - 2 scrolls of fear
 n - 3 scrolls of noise
 o - 5 scrolls of teleportation
 p - 2 scrolls of vulnerability
 v - a scroll of poison
 y - a scroll of blinking
 F - 2 scrolls of amnesia
 H - a scroll of torment
Potions
 d - a potion of resistance
 f - a potion of invisibility
 g - 3 potions of curing
 j - a potion of might
 w - a potion of flight
 z - a potion of cancellation
 A - a potion of haste
 D - a potion of berserk rage
 G - a potion of lignification {unknown}


   Skills:
 + Level 6.8 Fighting
 + Level 5.9 Axes
 + Level 9.0 Armour
 + Level 8.2 Shields


You had 8 spell levels left.
You didn't know any spells.
Your spell library contained the following spells:

 Spells                   Type           Power      Damage    Failure   Level
 Kiss of Death            Conj/Necr      0%         2d5       99%         1
 Magic Dart               Conj           0%         1d3       99%         1
 Confusing Touch          Hex            0%         N/A       100%        3
 Mephitic Cloud           Conj/Pois/Air  0%         N/A       100%        3
 Airstrike                Air            0%         2d(0-16)  100%        4
 Dispel Undead            Necr           0%         3d6       100%        4
 Lightning Bolt           Conj/Air       0%         1d11      100%        5
 Call Imp                 Summ           Unusable   N/A       N/A         2
 Summon Lightning Spire   Summ/Air       Unusable   N/A       N/A         4

Dungeon Overview and Level Annotations

Branches:
Dungeon (9/15)             Temple (1/1) D:6             Orc (0/2) D:9
   Lair: D:8-11

Altars:
Ashenzari
Dithmenos
Elyvilon
Hepliaklqana
Makhleb
Nemelex Xobeh
Okawaru
Qazlal
Sif Muna
Wu Jian
Zin
The Shining One

Shops:
D:2 *   D:4 [   D:6 *   D:7 *

Portals:
Bailey: D:9


Innate Abilities, Weirdness & Mutations

You are completely covered in rugged brown scales. (AC +3, +7% HP)
Armour fits poorly on your strangely shaped body.
You have a long armoured tail.
You roll when moving toward enemies. (Rampage)
Your long tongue fully drains potion bottles. (2x potion effects)
Your tongue gives you trouble enunciating. (1.5x scroll delay)
You have a pair of small antennae on your head.
Your flesh is heat resistant. (rF+)
You are frail. (-10% HP)


Message History

You slash the yak!
The yak looks as sick as possible!
The yak is heavily wounded.
You hit the yak.
The yak looks as sick as possible!
You completely miss the yak. You block the yak's attack. x2
The yak gores you but does no damage.
You hit the yak but do no damage.
The yak looks as sick as possible!
The yak is heavily wounded.
You hit the yak.
The yak looks as sick as possible!
You hit the yak.
The yak looks as sick as possible!
The yak gores you! You block the yak's attack.
The yak gores you but does no damage.
You hit the yak but do no damage.
The yak is severely wounded.
You barely miss the yak. You hit the yak.
The yak looks as sick as possible!
The yak gores you. The yak barely misses you. x2
You barely miss the yak.
The yak is severely wounded.
You hit the yak but do no damage. x2; The yak looks as sick as possible!
The yak gores you!
* * * LOW HITPOINT WARNING * * *
The yak gores you.
* * * LOW HITPOINT WARNING * * *
The yak gores you.
* * * LOW HITPOINT WARNING * * *
You slash the yak!
You kill the yak!
Okawaru accepts your kill.
You hit the yak. x2; The yak barely misses you.
You block the yak's attack.
You slash the yak!
You kill the yak!
Okawaru accepts your kill.
You hit the yak. The yak gores you but does no damage.
Your Armour skill increases to level 9!
You hit the yak but do no damage.
The yak looks as sick as possible!
The yak is heavily wounded.
The yak gores you!
* * * LOW HITPOINT WARNING * * *
You slash the yak!
The yak is almost dead.
The yak gores you!
You die...

...........# *,,,,,*****,,*
...........# #.....#.,,*,,*
...........# #.....'..,*,,*
...........# #.....#..,*,,*
...........# #.......,,,,,**
...........# #.....###**,,,*
...........#####.......8,,,,,*
.................†..8...,,8,,*
###.............@†......,,,,,*
#............##Y......,,,,,*
#...##########*.8....∩,,,,8*
#.>.# *.......,,,,,* #...#
*.......,,,,,* #.###
*...8...,,8,,* ###
*......8,,,,,* *..#####*,,***
**,* **,,**


You could see a yak (extremely poisoned).

Vanquished Creatures
  A hornet (D:8)
  3 yaks (D:9)
  A steam dragon (D:7)
  Menkaure (D:6)
  2 water moccasins
  2 ice beasts
  A sky beast (D:6)
  3 centaurs
  3 ogres
  3 kobold brigands
  3 bullfrogs
  3 scorpions
  3 wights (D:8)
  A howler monkey (D:6)
  3 jellies
  A hound (D:5)
  6 orc priests
  3 iguanas
  4 orc wizards
  3 adders
  4 gnolls
  A shadow imp (D:5)
  3 ufetubi
  31 orcs
  6 endoplasms
  3 giant cockroaches
  4 goblins
  5 hobgoblins
  6 jackals (D:1)
  3 quokkas
  7 ball pythons
  8 bats
  2 frilled lizards (D:1)
  17 kobolds
  6 rats
156 creatures vanquished.

Vanquished Creatures (others)
  17 plants
17 creatures vanquished.

Grand Total: 173 creatures vanquished

Notes
Turn   | Place    | Note
-------+----------+-------------------------------------------
     0 | D:1      | Pimp the Armataur Fighter began the quest for the Orb.
     0 | D:1      | Reached XP level 1. HP: 19/19 MP: 1/1
    64 | D:1      | Reached XP level 2. HP: 19/26 MP: 2/2
   363 | D:1      | Reached skill level 4 in Armour
   420 | D:1      | Reached XP level 3. HP: 33/33 MP: 3/3
   510 | D:1      | Found a faded altar of an unknown god.
   833 | D:2      | Found a stormy altar of Qazlal.
  1245 | D:2      | Found Miwn's General Store.
  1681 | D:3      | Gained mutation: You are frail. (-10% HP) [potion of
                  | mutation]
  1681 | D:3      | Gained mutation: You have a pair of small antennae on your
                  | head. [potion of mutation]
  1681 | D:3      | Gained mutation: Your flesh is heat resistant. (rF+)
                  | [potion of mutation]
  1689 | D:3      | HP: 1/30 [orc wizard/+0 dagger (2)]
  1691 | D:3      | Reached XP level 4. HP: 1/36 MP: 4/4
  1907 | D:3      | Reached XP level 5. HP: 30/43 MP: 5/5
  2408 | D:3      | Found an ornate altar of the Wu Jian Council.
  3046 | D:4      | Reached skill level 5 in Armour
  3596 | D:4      | Found Hokh's Antique Armour Boutique.
  3605 | D:4      | Bought a pair of runed gloves for 172 gold pieces
  3681 | D:4      | Identified the +3 leather armour of Melancholy {Fly Will-
                  | Int+7}
  4360 | D:5      | Entered Level 5 of the Dungeon
  4366 | D:5      | Reached XP level 6. HP: 47/50 MP: 6/6
  4845 | D:5      | Reached skill level 5 in Shields
  4948 | D:5      | Noticed an ice beast
  4962 | D:5      | Reached XP level 7. HP: 38/57 MP: 7/7
  5129 | D:5      | Reached skill level 6 in Armour
  5842 | D:6      | Reached skill level 5 in Fighting
  5842 | D:6      | Reached XP level 8. HP: 65/65 MP: 8/8
  6125 | D:6      | Noticed Menkaure
  6132 | D:6      | Killed Menkaure
  6133 | D:6      | Reached skill level 7 in Armour
  6349 | D:6      | Found a shimmering blue altar of Sif Muna.
  6410 | D:6      | Found a staircase to the Ecumenical Temple.
  6418 | Temple   | Entered the Ecumenical Temple
  6428 | Temple   | Became a worshipper of Warmaster Okawaru
  6496 | D:6      | Found Ohesa's Assorted Antiques.
  6503 | D:6      | Bought a scroll labelled PIGODO USSATU for 29 gold pieces
  7273 | D:7      | Found Vous's Elemental Accessories.
  7421 | D:7      | Reached skill level 5 in Axes
  7551 | D:7      | Reached * piety under Okawaru
  7552 | D:7      | Reached skill level 8 in Armour
  7552 | D:7      | Reached XP level 9. HP: 69/72 MP: 9/9
  9221 | D:9      | Found a staircase to the Orcish Mines.
  9333 | D:9      | Found a flagged portal.
  9343 | D:9      | Reached ** piety under Okawaru
  9344 | D:9      | Reached skill level 9 in Armour
  9345 | D:9      | Slain by a yak

Illustrated notes

Levels and vault maps discovered:
D:1:      roderic_crossed_star, layout_loops_ring,
          shapermc_ecumenical_altar_petra, amethyst_killhole,
          serial_bayou_pond_c
D:2:      layout_loops_corners, serial_shops, shop_coins, basic_altar
D:3:      layout_basic, nzn_wu_jian_council_hall
D:4:      layout_layer_cave, serial_bayou, serial_bayou_pond_e,
          serial_bayou_crossing, serial_bayou_lagoon_b, serial_bayou_pond_a,
          serial_shops, nicolae_shop_trees, hangedman_abyss_or_decor_passed
D:5:      layout_rooms, hex_intersection
D:6:      layout_cave_pods, led_sif_book, minmay_temple_entry_mist,
          serial_shops, shop, dk_noncrumbling_4, nicolae_hexahallways,
          uniq_menkaure
D:7:      layout_basic, chequers_serial_rivers_micro_e, nicolae_elemental_shop,
          minmay_puff
D:8:      layout_gridville
D:9:      layout_irregular_city, david_orc_3, enter_bailey_6,
          hangedman_decor_lopped
Temple:   cyrus_circular_temple

Skill      XL: |  1  2  3  4  5  6  7  8  9 |
---------------+----------------------------+-----
Armour         | 4 5 6 8 9 |  9.0
Fighting       | 3 4 5 6 |  6.8
Axes           | 2 3 4 5 |  5.9
Shields        | 4 5 6 7 8 |  8.2

Action                     |  1- 3 |  4- 6 |  7- 9 || total
---------------------------+-------+-------+-------++-------
  Melee: War axe           |   109 |    88 |       ||   197
         Tailslap          |    11 |    15 |    26 ||    52
         Hand axe          |       |    46 |   170 ||   216
    Use: Potion            |     7 |     1 |     4 ||    12
         Scroll            |       |     7 |    10 ||    17
   Stab: Invisible         |       |     1 |     1 ||     2
 Armour: Scale mail        |    66 |    56 |       ||   122
         Chain mail        |       |    24 |    31 ||    55
         Plate armour      |       |       |    77 ||    77
  Dodge: Dodged            |    35 |    46 |    61 ||   142
  Block: Buckler           |    18 |    22 |    45 ||    85

Table legend: (Time is in decaauts)
 A = Elapsed time spent in this place.
 B = Non-inter-level travel time spent in this place.
 C = Inter-level travel time spent in this place.
 D = Time resting spent in this place.
 E = Time spent auto-exploring this place.
 F = Levels seen in this place.
 G = Mean time per level.
                   A        B        C        D        E       F      G
               +--------+--------+--------+--------+--------+-----+--------+
         Total |   9467 |   8946 |    521 |   1952 |   5584 |  10 |  946.7 |
       Dungeon |   9447 |   8926 |    521 |   1952 |   5583 |   9 | 1049.7 |
        Temple |     19 |     19 |      0 |      0 |      1 |   1 |   19.0 |
               +--------+--------+--------+--------+--------+-----+--------+

Top non-repeatable levels by time:
     D:4: 1584 daAuts
     D:6: 1380 daAuts
     D:8: 1322 daAuts
     D:3: 1276 daAuts
     D:5: 1135 daAuts
     D:7: 946 daAuts
     D:1: 864 daAuts
     D:2: 797 daAuts
     D:9: 140 daAuts
  Temple: 19 daAuts
